 Seeded DCSS version 0.28-a0-794-gafe8c5f9e9 (webtiles) character file.

Game seed: 20211120 (custom seed)

41 a11behringer the Chopper (level 3, 0/31 HPs)
             Began as a Palentonga Berserker on Nov 6, 2021.
             Was a Believer of Trog.
             Slain by a gnoll (6 damage)
             ... on level 2 of the Dungeon.
             The game lasted 00:02:46 (1216 turns).

a11behringer the Chopper (Palentonga Berserker)     Turns: 1216, Time: 00:02:46

Health: 0/31       AC:  4    Str: 20    XL:     3   Next: 32%
Magic:  3/3        EV:  9    Int:  7    God:    Trog [**....]
Gold:   91         SH:  0    Dex: 10    Spells: 2/2 levels left

rFire   . . .      SeeInvis +   a - +0 hand axe
rCold   . . .      Faith    .   (no shield)
rNeg    . . .      Spirit   .   b - +0 animal skin
rPois   .          Reflect  .   (no helmet)
rElec   .          Harm     .   (no cloak)
rCorr   .          Rampage  .   (no gloves)
Will    +....                   (no barding)
Stlth   +.........              (no amulet)
HPRegen 0.10/turn               e - ring of willpower
MPRegen 0.08/turn               (no ring)

@: no status effects
A: large, rugged brown scales 3, see invisible, deformed body, roll 1, armoured
tail
a: Rolling Charge, Renounce Religion, Berserk, Trog's Hand


You were on level 2 of the Dungeon.
You worshipped Trog.
Trog was pleased with you.
You visited 1 branch of the dungeon, and saw 2 of its levels.

You collected 91 gold pieces.

Inventory:

Hand Weapons
 a - a +0 hand axe (weapon)
 c - a +0 hunting sling
Missiles
 f - 3 boomerangs
Armour
 b - a +0 animal skin (worn)
 g - a +0 ring mail
Jewellery
 e - a ring of willpower (left hand)
Potions
 d - 2 potions of lignification {unknown}


   Skills:
 + Level 3.4 Fighting
 * Level 3.9 Axes
 + Level 1.6 Armour
 + Level 1.7 Dodging


You had 2 spell levels left.
You didn't know any spells.
Your spell library was empty.

Dungeon Overview and Level Annotations

Branches:
Dungeon (2/15)

Altars:


Innate Abilities, Weirdness & Mutations

You are completely covered in rugged brown scales. (AC +3, +7% HP)
You have supernaturally acute eyesight. (SInv)
Armour fits poorly on your strangely shaped body.
You can roll at nearby foes to attack.
You have a long armoured tail.


Message History

The gnoll hits you with a +0 spear.
You closely miss the gnoll. You tail-slap the gnoll!
The gnoll is severely wounded.
The gnoll hits you with a +0 spear.
You barely miss the gnoll.
Your tail-slap misses the gnoll.
The gnoll is severely wounded.
The gnoll closely misses you.
You barely miss the gnoll.
The gnoll is severely wounded.
The gnoll hits you with a +0 spear.
You slash the gnoll!
You kill the gnoll!
Trog accepts your kill.
You see here a +0 spear.
You see here a +0 spear.
You see here a +0 ring mail.
g - a +0 ring mail A gnoll comes into view.
It is wielding a +0 club.
The gnoll shouts!
You barely miss the gnoll. The gnoll hits you with a +0 club.
You closely miss the gnoll. The gnoll hits you with a +0 club.
A gnoll comes into view. It is wielding a +2 vorpal spear.
You closely miss the gnoll.
The gnoll shouts!
The gnoll hits you with a +0 club.
You hit the gnoll.
The gnoll is heavily wounded.
The gnoll hits you with a +0 club.
You hit the gnoll.
The gnoll is heavily wounded.
The gnoll completely misses you.
You barely miss the gnoll.
The gnoll is heavily wounded.
The gnoll hits you with a +0 club.
You hit the gnoll.
The gnoll is almost dead.
The gnoll hits you from afar with a +2 vorpal spear.
* * * LOW HITPOINT WARNING * * *
x2 The gnoll hits you with a +0 club.
You die...

#.....###..#
#.####)#.#.####
##........
#.....####
##.#######
#........#
#.g#####.# #.g#
#.@# #..# #.#
#..## #.# #...#
#.# #.#.# #.#
#.#.# #.#
#.#.####.#
#........#
###......#


You could see 2 gnolls.

Vanquished Creatures
  A gnoll (D:2)
  A worm (D:2)
  2 endoplasms (D:1)
  6 goblins (D:1)
  A hobgoblin (D:1)
  A quokka (D:1)
  3 ball pythons (D:1)
  2 bats (D:1)
  3 frilled lizards (D:1)
  4 kobolds (D:1)
  3 rats (D:1)
27 creatures vanquished.

Notes
Turn   | Place    | Note
-------+----------+-------------------------------------------
     0 | D:1      | a11behringer the Palentonga Berserker began the quest for
                  | the Orb.
     0 | D:1      | Reached XP level 1. HP: 19/19 MP: 1/1
   250 | D:1      | Reached XP level 2. HP: 25/25 MP: 2/2
   460 | D:1      | Found a faded altar of an unknown god.
   667 | D:1      | Reached ** piety under Trog
  1077 | D:2      | Reached XP level 3. HP: 31/31 MP: 3/3
  1216 | D:2      | Slain by a gnoll

Illustrated notes

Levels and vault maps discovered:
D:1:      minmay_arrival_loop, layout_basic,
          shapermc_ecumenical_altar_mp_highgroup, minmay_misc_feat_room,
          dk_noncrumbling_4, minmay_tromino_i4
D:2:      layout_loops_ring, serial_shops, shop, uniq_terence

Action                   || total
-------------------------++-------
Melee: Hand axe          ||    73
       Tailslap          ||     8
Armor: Animal skin       ||    20
Dodge: Dodged            ||    35

Table legend: (Time is in decaauts)
 A = Elapsed time spent in this place.
 B = Non-inter-level travel time spent in this place.
 C = Inter-level travel time spent in this place.
 D = Time resting spent in this place.
 E = Time spent auto-exploring this place.
 F = Levels seen in this place.
 G = Mean time per level.
                   A        B        C        D        E       F      G
               +--------+--------+--------+--------+--------+-----+--------+
         Total |   1224 |   1060 |    164 |      0 |    887 |   2 |  612.0 |
       Dungeon |   1224 |   1060 |    164 |      0 |    887 |   2 |  612.0 |
               +--------+--------+--------+--------+--------+-----+--------+

Top non-repeatable levels by time:
     D:1: 1063 daAuts
     D:2: 160 daAuts
